 Dungeon Crawl Stone Soup version 0.20-a0-1058-g0491fde (webtiles) character file.

127 DskReedErrur the Shooter (level 5, 0/41 HPs)
             Began as a Gnoll Arcane Marksman on Apr 27, 2017.
             Was a Follower of Vehumet.
             Killed by nerve-wracking pain
             ... invoked by Grinder
              (11 damage)
             ... while paralysed by Grinder
             ... on level 3 of the Dungeon.
             The game lasted 00:37:09 (3491 turns).

DskReedErrur the Shooter (Gnoll Arcane Marksman)    Turns: 3491, Time: 00:37:09

Health: 0/41       AC:  6    Str:  9    XL:     5   Next: 11%
Magic:  1/7        EV:  2    Int: 13    God:    Vehumet [*.....]
Gold:   131        SH:  0    Dex: 16    Spells: 3/7 levels left

rFire    . . .     SeeInvis .   q - +3 spear
rCold    . . .     Gourm    .   (no shield)
rNeg     . . .     Faith    .   e - +1 robe
rPois    .         Spirit   .   i - +1 helmet
rElec    .         Reflect  .   (no cloak)
rCorr    .         Harm     .   (no gloves)
MR       .....                  g - +0 pair of boots
Stlth    +.........             (no amulet)
Regen    0.2/turn               (no ring)
MPRegen  0.1/turn               (no ring)

@: paralysed, very slightly contaminated
A: short attention span, fangs 1, strong nose
a: Renounce Religion


You were on level 3 of the Dungeon.
You worshipped Vehumet.
Vehumet was aware of your devotion.
You were hungry.

You visited 1 branch of the dungeon, and saw 3 of its levels.

You collected 131 gold pieces.

Inventory:

Hand Weapons
 a - a +0 shortbow
 q - a +3 spear (weapon)
Missiles
 d - 12 arrows
Armour
 e - a +1 robe (worn)
 g - a +0 pair of boots (worn)
 i - a +1 helmet (worn)
Scrolls
 l - a scroll of remove curse
Potions
 b - a potion of heal wounds
 h - a potion of agility
 n - a potion of experience {unknown}
 p - a potion of lignification
 r - 4 potions of curing
Books
 c - a book of Debilitation

   Spells                             Type                      Level
   a - Corona                         Hexes                        1
   b - Slow                           Hexes                        2
   c - Inner Flame                    Hexes/Fire                   3
   d - Portal Projectile              Hexes/Translocation          3
   e - Cause Fear                     Hexes                        4
   f - Leda's Liquefaction            Hexes/Earth                  4
Comestibles
 f - 3 bread rations
 j - 2 meat rations
 k - 3 royal jellies
 m - a chunk of flesh


   Skills:
 - Level 3.4 Fighting
 + Level 4.8 Bows
 + Level 4.3 Dodging
 - Level 1.7 Spellcasting
 - Level 4.4 Hexes
 * Level 3.0 Translocations


You had 3 spell levels left.
You knew the following spells:

 Your Spells              Type           Power        Failure   Level  Hunger
a - Corona                Hex            ##.....      4%          1    ##.....
b - Portal Projectile     Hex/Tloc       ##....       17%         3    ####...


Dungeon Overview and Level Annotations

Branches:
Dungeon (3/15)

Altars:
Trog
Vehumet
Zin

Annotations:
D:3 Grinder, Sigmund


Innate Abilities, Weirdness & Mutations

You have a short attention span.
You have very sharp teeth.
Your uncanny sense of smell can sniff out nearby items.


Message History

Grinder is moderately wounded.
The bat misses you. Grinder barely misses you.
You hit Grinder.
Grinder is moderately wounded.
The bat hits you but does no damage. Grinder gestures at you.
You suddenly lose the ability to move!
The bat hits you but does no damage. Grinder gestures at you.
Pain shoots through your body! The bat hits you.
The bat hits you but does no damage. Grinder hits you!
The bat hits you but does no damage. x3; Grinder hits you but does no damage.
The bat barely misses you. x2; Grinder hits you.
You writhe in agony.
* * * LOW HITPOINT WARNING * * *
The bat hits you.
* * * LOW HITPOINT WARNING * * *
The bat hits you but does no damage. Grinder hits you but does no damage.
The bat hits you but does no damage. Grinder gestures at you.
Pain shoots through your body!
You die...

⌠≈...≈ (.....# #≈... ...
... #≈≈≈ ....... ##⌠
......(## # # ...#(.## ..
.b.(. #.5# ∆ #@# ##
#.##....# . #..##...#.#
##......#.# #####
##........#
#...###........#
###.##..#.#....#
##########......##.#.#..###
#..........#..###....#....#


You could see Grinder and a bat.

Vanquished Creatures
  Robin (D:3)
  4 adders
  2 worms
  2 dart slugs (D:1)
  2 leopard geckos
  3 orcs
  A giant cockroach (D:1)
  10 goblins
  11 hobgoblins
  8 jackals
  6 bats
  5 frilled lizards
  A kobold (D:3)
  9 rats
65 creatures vanquished.

Notes
Turn   | Place    | Note
-------+----------+-------------------------------------------
     0 | D:1      | DskReedErrur the Gnoll Arcane Marksman began the quest for the Orb.
     0 | D:1      | Reached XP level 1. HP: 15/15 MP: 3/3
   305 | D:1      | Reached XP level 2. HP: 20/22 MP: 4/4
  1503 | D:2      | Reached XP level 3. HP: 23/28 MP: 5/5
  2098 | D:2      | Reached XP level 4. HP: 28/35 MP: 6/6
  2127 | D:2      | Found a glowing silver altar of Zin.
  2128 | D:2      | Found a radiant altar of Vehumet.
  2137 | D:2      | Became a worshipper of Vehumet
  2170 | D:2      | Learned a level 3 spell: Portal Projectile
  2411 | D:3      | Noticed Robin
  2432 | D:3      | Reached skill level 1 in Translocations
  2857 | D:3      | Killed Robin
  3142 | D:3      | Reached * piety under Vehumet
  3142 | D:3      | Offered knowledge of Shock by Vehumet.
  3183 | D:3      | Reached XP level 5. HP: 34/41 MP: 7/7
  3283 | D:3      | Found a bloodstained altar of Trog.
  3283 | D:3      | Noticed Sigmund
  3306 | D:3      | Found a faded altar of an unknown god.
  3472 | D:3      | Noticed Grinder
  3486 | D:3      | Paralysed by Grinder for 6 turns
  3491 | D:3      | Killed from afar by Grinder

Vault maps used:
D:1:      lemuel_arrival_lava_pool
D:2:      gammafunk_temple_overflow_statue, first_bread
D:3:      lightli_temple_of_fire, chequers_ecumenical_altar_twisty,
          corexii_leaking_fountain, uniq_grinder, uniq_robin, uniq_sigmund

Skill      XL: |  1  2  3  4  5 |
---------------+----------------+-----
Fighting       | 2 3 |  3.4
Bows           | 4 |  4.8
Dodging        | 4 |  4.3
Translocations | 2 3 |  3.0
Spellcasting   | |  1.7
Hexes          | |  4.4

Action                   |  1- 3 |  4- 6 || total
-------------------------+-------+-------++-------
Melee: Unarmed           |   101 |       ||   101
       Bite              |     9 |     5 ||    14
       Spear             |    47 |    83 ||   130
 Fire: Shortbow          |    21 |    30 ||    51
 Cast: Portal Projectile |       |     2 ||     2
  Use: Scroll            |       |    10 ||    10
 Stab: Sleeping          |     2 |     1 ||     3
  Eat: Chunk             |     3 |     5 ||     8
Armor: Robe              |    38 |    37 ||    75
Dodge: Dodged            |   124 |    97 ||   221
